 Dungeon Crawl Stone Soup version 0.31-a0-986-g5e6e4ef867 (webtiles) character file.

Game seed: 11378101139987798989

2231 CowFu the Fighter (level 9, -5/70 HPs)
             Began as a Djinni Air Elementalist on Nov 22, 2023.
             Was a Follower of Makhleb.
             Slain by Joseph
             ... wielding a +0 quarterstaff
              (21 damage)
             ... on level 7 of the Dungeon.
             The game lasted 00:09:44 (6892 turns).

CowFu the Fighter (Djinni Air Elementalist)         Turns: 6892, Time: 00:09:45

Health: -5/70      AC:  4    Str:  7    XL:     9   Next: 62%
Gold:   316        EV: 12    Int: 22    God:    Makhleb [*.....] SH:  0 Dex: 13

rFire   + + .        a - staff of air
rCold   x . .        (no shield)
rNeg    + . .        c - +0 robe
rPois   ∞            y - +0 hat
rElec   +            l - +0 cloak
rCorr   .            h - +0 pair of gloves
SInv    .            (boots unavailable)
Will    .....        (no amulet)
Stlth   ++           w - ring of wizardry
HPRegen 0.31/turn    x - ring of positive energy
MPRegen 0.00/turn

%: wizardry (x1), infuse magic (-6 HP)
@: flying
A: sickness immunity, fire resistance 2, cold vulnerability 1, float, innate
caster, HP casting, extra vitality 1
a: Renounce Religion


You were on level 7 of the Dungeon.
You worshipped Makhleb.
Makhleb was aware of your devotion.
You visited 2 branches of the dungeon, and saw 8 of its levels.

You collected 316 gold pieces.

Inventory:

Hand Weapons
 b - a +3 dagger of venom
Armour
 c - a +0 robe (worn)
 h - a +0 pair of gloves (worn)
 l - a +0 cloak (worn)
 y - a +0 hat (worn)
Magical Staves
 a - a staff of air (weapon)
Jewellery
 n - a ring of protection from cold
 v - a ring of protection from fire
 w - a ring of wizardry (left hand)
 x - a ring of positive energy (right hand)
Wands
 o - a wand of paralysis (18)
 s - a wand of flame (23)
Scrolls
 d - a scroll of fog
 f - a scroll of fear
 g - 2 scrolls of immolation
 i - 2 scrolls of torment
 j - 3 scrolls of teleportation
 r - 3 scrolls of identify
 z - a scroll of vulnerability
Potions
 k - a potion of degeneration
 m - 2 potions of resistance {unknown}
 p - a potion of lignification {unknown}
 q - a potion of haste
 t - a potion of might
 u - a potion of cancellation {unknown}
 A - a potion of curing {unknown}
 B - 2 potions of mutation {unknown}


   Skills:
 + Level 8.1 Fighting
 - Level 2.1 Dodging
 - Level 1.5 Stealth
 + Level 7.3 Spellcasting
 + Level 7.3 Conjurations
 + Level 7.3 Hexes
   Level 0.0 Charms
 + Level 7.3 Summonings
 + Level 7.3 Necromancy
 + Level 7.3 Translocations
 + Level 7.3 Transmutations
 + Level 7.3 Fire Magic
 + Level 7.3 Ice Magic
 + Level 7.3 Air Magic
 + Level 7.3 Earth Magic
 + Level 7.3 Poison Magic


You knew the following spells:

 Your Spells              Type           Power      Damage    Failure   Level
a - Shock                 Conj/Air       100%       1d9       1%          1
b - Static Discharge      Conj/Air       100%       3-8/arc   1%          2
c - Swiftness             Air            57%        N/A       1%          3
d - Airstrike             Air            28%        2d(5-21)  1%          4
e - Apportation           Tloc           80%        N/A       1%          1
f - Jinxbite              Hex            80%        N/A       1%          2
g - Ensorcelled Hibernat  Hex/Ice        80%        N/A       1%          2
h - Animate Dead          Necr           40%        N/A       1%          4
Your spell library was empty.

Dungeon Overview and Level Annotations

Branches:
Dungeon (7/15)             Temple (1/1) D:6

Altars:
Ashenzari
Cheibriados
Dithmenos
Elyvilon
Hepliaklqana
Makhleb
Nemelex Xobeh
Trog
Uskayaw
Xom
The Shining One

Shops:
D:6 ==

Annotations:
D:7 Joseph


Innate Abilities, Weirdness & Mutations

You are immune to sickness and miasma.
You are immune to poison.
Your flesh is very heat resistant. (rF++)
You are vulnerable to cold. (rC-)
You float through the air rather than walking.
You learn spells naturally, not from books.
Your magical power is your life essence.
You have superior vitality. (+4 MHP)


Message History

Casting: Static Discharge (safe; 1% risk of failure)
Confirm with . or Enter, or press ? or * to list all spells.
You feel a surge of power!
Joseph is struck by an arc of lightning.
Joseph is heavily wounded.
You resist.
You are struck by an arc of lightning.
* * * LOW HITPOINT WARNING * * *
Joseph is struck by an arc of lightning.
Joseph is severely wounded.
The lightning grounds out.
* * * LOW HITPOINT WARNING * * *
Joseph hits you with a +0 quarterstaff.
* * * LOW HITPOINT WARNING * * *
Casting: Static Discharge (safe; 1% risk of failure)
Confirm with . or Enter, or press ? or * to list all spells.
You feel a surge of power!
Joseph is struck by an arc of lightning.
Joseph is severely wounded.
You resist.
You are struck by an arc of lightning.
* * * LOW HITPOINT WARNING * * *
Joseph is struck by an arc of lightning.
Joseph is severely wounded.
The lightning grounds out.
* * * LOW HITPOINT WARNING * * *
Joseph hits you with a +0 quarterstaff!
* * * LOW HITPOINT WARNING * * *
You feel much better. Joseph hits you with a +0 quarterstaff!
* * * LOW HITPOINT WARNING * * *
Casting: Static Discharge (safe; 1% risk of failure)
Confirm with . or Enter, or press ? or * to list all spells.
You feel a surge of power!
Joseph is struck by an arc of lightning!
Joseph is almost dead.
You resist.
You are struck by an arc of lightning.
Joseph is struck by an arc of lightning.
Joseph is almost dead.
The lightning grounds out.
* * * LOW HITPOINT WARNING * * *
Joseph hits you with a +0 quarterstaff!!
You die...

#...###.# #.#
##### #.# #.#
#######.# #.#
........# #.####
.......####....#
...............#
..........####.###
.................#
.......##.####.#@#
(##..#.##.# #.#@#
.##.....#.## #.#.#
........#..###.#.#
###........)...#.#
#..#.###)###.#.#
#..#.###)###.#.#
#.......)....#.#
........)#####.#


You could see Joseph.

Vanquished Creatures
  A wyvern (D:6)
  The ghost of ShellytheWitch the Sneak, an amateur KoBr (D:4)
  A water moccasin (D:6)
  An orc warrior (D:6)
  2 black bears
  A centaur (D:5)
  2 bullfrogs
  3 scorpions
  5 killer bees
  5 hounds
  2 sleepcaps (D:5)
  2 jellies (D:6)
  4 orc priests
  An iguana (D:5)
  7 orc wizards
  12 gnolls
  8 adders
  A shadow imp (D:7)
  3 white imps
  2 ufetubi (D:5)
  4 worms
  2 dart slugs
  27 orcs
  11 endoplasms
  4 giant cockroaches
  6 goblins
  2 hobgoblins
  2 jackals (D:1)
  6 quokkas
  7 ball pythons
  8 bats
  4 frilled lizards (D:1)
  5 kobolds
152 creatures vanquished.

Vanquished Creatures (others)
  An orc wizard (D:7)
1 creature vanquished.

Grand Total: 153 creatures vanquished

Notes
Turn   | Place    | Note
-------+----------+-------------------------------------------
     0 | D:1      | CowFu the Djinni Air Elementalist began the quest for the
                  | Orb.
     0 | D:1      | CowFu set off with the following spells memorised: Shock,
                  | Static Discharge, Swiftness, Airstrike.
     0 | D:1      | Reached XP level 1. HP: 15/15 MP: 0/0
   119 | D:1      | Reached XP level 2. HP: 17/21 MP: 0/0
   369 | D:1      | Reached XP level 3. HP: 23/25 MP: 0/0
   369 | D:1      | Learned a level 1 spell: Apportation
   708 | D:1      | Found a faded altar of an unknown god.
   972 | D:2      | Reached XP level 4. HP: 26/31 MP: 0/0
  1763 | D:3      | Found a shimmering altar of Xom.
  1794 | D:3      | Reached skill level 1 in Fighting
  1980 | D:3      | Reached XP level 5. HP: 34/37 MP: 0/0
  1980 | D:3      | Learned a level 2 spell: Jinxbite
  2008 | D:3      | Reached skill level 2 in Fighting
  2591 | D:4      | Reached skill level 3 in Fighting
  2591 | D:4      | Reached XP level 6. HP: 40/46 MP: 0/0
  2619 | D:4      | Found a runed translucent door.
  2620 | D:4      | Noticed ShellytheWitch's ghost (amateur KoBr)
  2833 | D:4      | Found a snail-covered altar of Cheibriados.
  3532 | D:4      | Reached skill level 5 in Spellcasting
  3532 | D:4      | Reached skill level 5 in Conjurations
  3532 | D:4      | Reached skill level 5 in Hexes
  3532 | D:4      | Reached skill level 5 in Summonings
  3532 | D:4      | Reached skill level 5 in Necromancy
  3532 | D:4      | Reached skill level 5 in Translocations
  3532 | D:4      | Reached skill level 5 in Transmutations
  3532 | D:4      | Reached skill level 5 in Fire Magic
  3532 | D:4      | Reached skill level 5 in Ice Magic
  3532 | D:4      | Reached skill level 5 in Air Magic
  3532 | D:4      | Reached skill level 5 in Earth Magic
  3532 | D:4      | Reached skill level 5 in Poison Magic
  3532 | D:4      | Reached XP level 7. HP: 31/50 MP: 0/0
  3532 | D:4      | Learned a level 2 spell: Ensorcelled Hibernation
  3536 | D:4      | Killed ShellytheWitch's ghost
  3537 | D:4      | Reached skill level 4 in Fighting
  3681 | D:5      | Identified the "Xaca"
  3681 | D:5      | Entered Level 5 of the Dungeon
  4066 | D:5      | Reached skill level 5 in Fighting
  4066 | D:5      | Reached XP level 8. HP: 46/59 MP: 0/0
  4856 | D:6      | Reached skill level 6 in Fighting
  5325 | D:6      | Found a staircase to the Ecumenical Temple.
  5372 | Temple   | Entered the Ecumenical Temple
  5378 | Temple   | Became a worshipper of Makhleb the Destroyer
  5411 | D:6      | Found Izuehere's Jewellery Emporium.
  5445 | D:6      | Noticed a wyvern
  5454 | D:6      | Killed a wyvern
  5455 | D:6      | Reached XP level 9. HP: 43/67 MP: 0/0
  5455 | D:6      | Learned a level 4 spell: Animate Dead
  5621 | D:6      | Reached skill level 7 in Fighting
  5785 | D:6      | Found Ocvohite's Jewellery Emporium.
  6683 | D:7      | Reached skill level 8 in Fighting
  6810 | D:7      | Reached * piety under Makhleb
  6876 | D:7      | Noticed Joseph
  6890 | D:7      | HP: 3/70 [Joseph/+0 quarterstaff (11)]
  6892 | D:7      | Slain by Joseph

Illustrated notes

Levels and vault maps discovered:
D:1:      dpeg_arrival_rooms_c, layout_loops_ring,
          shapermc_ecumenical_altar_ellora, grunt_decor_mini_mirrors
D:2:      layout_loops_ring
D:3:      layout_basic, brannock_xom_greatest_gift, minmay_liquid_box,
          corexii_leaking_fountain, minmay_cupped
D:4:      layout_basic, kennysheep_mini, ebering_ghost_inner_flame
D:5:      layout_loops_ring, lemuel_crystal_altar, led_sif_book
D:6:      layout_layer_cave, minmay_temple_entry_slanted, serial_shops,
          nicolae_shop_advertising_works [nicolae_subvault_shop_adworks], shop
D:7:      layout_loops_ring, uniq_crazy_yiuf_cottage, uniq_joseph
Temple:   hellmonk_temple_rainy

Skill      XL: |  1  2  3  4  5  6  7  8  9 |
---------------+----------------------------+-----
Spellcasting   | 4 5 6 7 |  7.3
Conjurations   | 4 5 6 7 |  7.3
Hexes          | 4 5 6 7 |  7.3
Summonings     | 4 5 6 7 |  7.3
Necromancy     | 4 5 6 7 |  7.3
Translocations | 4 5 6 7 |  7.3
Transmutations | 4 5 6 7 |  7.3
Fire Magic     | 4 5 6 7 |  7.3
Ice Magic      | 4 5 6 7 |  7.3
Air Magic      | 4 5 6 7 |  7.3
Earth Magic    | 4 5 6 7 |  7.3
Poison Magic   | 4 5 6 7 |  7.3
Fighting       | 1 3 5 6 8 |  8.1
Dodging        | |  2.1
Stealth        | |  1.5

Action                     |  1- 3 |  4- 6 |  7- 9 || total
---------------------------+-------+-------+-------++-------
  Melee: Dagger            |     4 |       |       ||     4
         Staff             |     2 |     5 |     3 ||    10
   Cast: Shock             |    53 |   125 |   135 ||   313
         Static Discharge  |       |     3 |    28 ||    31
         Airstrike         |       |     1 |    28 ||    29
         Swiftness         |       |     1 |       ||     1
         Animate Dead      |       |       |     1 ||     1
    Use: Scroll            |       |    12 |     2 ||    14
         Potion            |       |       |     3 ||     3
 Armour: Robe              |     6 |    23 |    88 ||   117
  Dodge: Dodged            |    10 |    17 |    30 ||    57

Table legend: (Time is in decaauts)
 A = Elapsed time spent in this place.
 B = Non-inter-level travel time spent in this place.
 C = Inter-level travel time spent in this place.
 D = Time resting spent in this place.
 E = Time spent auto-exploring this place.
 F = Levels seen in this place.
 G = Mean time per level.
                   A        B        C        D        E       F      G
               +--------+--------+--------+--------+--------+-----+--------+
         Total |   6893 |   6579 |    314 |      0 |   5813 |   8 |  861.6 |
       Dungeon |   6880 |   6571 |    309 |      0 |   5813 |   7 |  982.9 |
        Temple |     12 |      7 |      5 |      0 |      0 |   1 |   12.0 |
               +--------+--------+--------+--------+--------+-----+--------+

Top non-repeatable levels by time:
     D:6: 1771 daAuts
     D:4: 1278 daAuts
     D:5: 1167 daAuts
     D:1: 935 daAuts
     D:3: 814 daAuts
     D:2: 652 daAuts
     D:7: 259 daAuts
  Temple: 12 daAuts
